 Dungeon Crawl Stone Soup version 0.23.2-1-ga50397a (webtiles) character file.

Game seed: 2309559257213878119

1248 whitewolfNL the Cudgeler (level 8, -6/105 HPs)
             Began as a Minotaur Berserker on May 25, 2019.
             Was an Elder of Trog.
             Mangled by an orc warrior
             ... wielding a +0 short sword
              (9 damage)
             ... on level 5 of the Dungeon.
             The game lasted 00:15:02 (4488 turns).

whitewolfNL the Cudgeler (Minotaur Berserker)       Turns: 4488, Time: 00:15:05

Health: -6/105     AC: 24    Str: 27    XL:     8   Next: 26%
Magic:  8/8        EV:  2    Int:  4    God:    Trog [****..]
Gold:   285        SH:  0    Dex: 17    Spells: 7/7 levels left

rFire    . . .     SeeInvis .   G - +0 dire flail
rCold    . . .     Gourm    .   (shield currently unavailable)
rNeg     + + +     Faith    .   (armour currently unavailable)
rPois    +         Spirit   .   (helmet currently unavailable)
rElec    .         Reflect  .   (cloak currently unavailable)
rCorr    .         Harm     .   (gloves currently unavailable)
MR       .....     NoTele   +   (boots currently unavailable)
Stlth    +++.......             (no amulet)
HPRegen  0.27/turn              (no ring)
MPRegen  0.11/turn              (no ring)

@: mighty, agile, tree-form, berserk cooldown, slowed, very slow
A: (retaliatory headbutt)
a: Berserk, Trog's Hand, Brothers in Arms, Renounce Religion


You were on level 5 of the Dungeon.
You worshipped Trog.
Trog was greatly pleased with you.
You were near starving.
You were a tree.
You visited 1 branch of the dungeon, and saw 6 of its levels.

You collected 285 gold pieces.

Inventory:

Hand Weapons
 q - a +2 spear of flaming
 w - a +0 blowgun
 G - a +0 dire flail (weapon)
Missiles
 a - a throwing net
 r - 145 stones (quivered)
 x - 35 poisoned needles
 y - 23 bolts
 B - 51 arrows
 F - 9 needles of paralysis
Armour
 v - a +2 hat (melded)
 D - a +1 scale mail of cold resistance (melded)
 I - a +0 cloak (melded)
Wands
 E - a wand of random effects (11)
 K - a wand of clouds (7)
Scrolls
 b - 2 scrolls of enchant weapon {unknown}
 d - 3 scrolls of remove curse {unknown}
 e - 4 scrolls of identify {unknown}
 l - 4 scrolls of blinking {unknown}
 m - a scroll of amnesia {unknown}
 o - 7 scrolls of teleportation {unknown}
 p - a scroll of immolation {unknown}
 s - 4 scrolls of enchant armour {unknown}
 u - a scroll of magic mapping {unknown}
 C - a scroll of fear {unknown}
 H - a scroll of noise {unknown}
 J - a scroll of random uselessness {unknown}
Potions
 f - a potion of degeneration {unknown}
 h - a potion of magic {unknown}
 i - 2 potions of might
 j - a potion of resistance {unknown}
 k - 2 potions of lignification
 n - a potion of agility
 z - a potion of cancellation {unknown}
 A - a potion of berserk rage
Comestibles
 c - 8 rations


   Skills:
 + Level 5.9 Fighting
 * Level 7.6 Maces & Flails
 + Level 3.6 Throwing
 + Level 5.3 Armour
 + Level 4.8 Dodging
 + Level 1.7 Evocations


You had 7 spell levels left.
You didn't know any spells.
Your spell library was empty.

Dungeon Overview and Level Annotations

Branches:
Dungeon (6/15)             Temple (0/1) D:5

Altars:


Innate Abilities, Weirdness & Mutations

((You reflexively headbutt those who attack you in melee.))
((You have a pair of horns on your head.))


Message History

The orc priest hits you.
* * * LOW HITPOINT WARNING * * *
The orc warrior hits you with a +0 short sword.
* * * LOW HITPOINT WARNING * * *
The centaur hits you but does no damage.
The orc priest begins to cast a cantrip, but forgets the words!
The orc warrior barely misses you.
It was a potion of agility.
You feel agile all of a sudden.
You are near starving!
The centaur hits you but does no damage. x2
The orc priest hits you but does no damage.
The orc warrior barely misses you.
It was a potion of berserk rage.
You're still recovering from your berserk rage.
The centaur hits you but does no damage.
The orc priest hits you but does no damage.
The centaur hits you but does no damage.
The orc warrior hits you with a +0 short sword!
You die...

#...[.......#.#
####...........#.###
#...................
#.##...........#.###
#.##...........#.###
#..............#....
###............#####
#)o..........#####
#♣o...............
######c.#.#############
#.........)............
#......#####....#######
#......# #....#
#......# #....# ####
#......# #....# #...
#[.....# #....# #...
#......# #....# #...


You could see an orc warrior, a centaur and an orc priest.

Vanquished Creatures
  Duvessa (D:4)
  An ice beast (D:5)
  2 sky beasts
  3 ogres
  Blork the orc (D:4)
  Dowan (D:4)
  2 scorpions
  An orc priest (D:4)
  2 orc wizards
  3 worker ants
  A hound skeleton (D:5)
  Robin (D:3)
  2 howler monkey skeletons (D:5)
  4 adders
  A shadow imp (D:5)
  3 oozes
  4 worms
  2 dart slugs (D:2)
  A leopard gecko (D:2)
  13 orcs
  8 giant cockroaches
  21 goblins
  12 hobgoblins
  10 jackals
  6 kobolds
  A quokka (D:5)
  3 bats
  6 frilled lizards
  6 rats
122 creatures vanquished.

Notes
Turn   | Place    | Note
-------+----------+-------------------------------------------
     0 | D:1      | whitewolfNL the Minotaur Berserker began the quest for the
                  | Orb.
     0 | D:1      | Reached XP level 1. HP: 19/19 MP: 0/0
   281 | D:1      | Reached XP level 2. HP: 14/27 MP: 1/1
   285 | D:1      | Reached skill level 4 in Maces & Flails
   880 | D:2      | Reached XP level 3. HP: 11/33 MP: 2/2
  1378 | D:2      | Reached skill level 1 in Throwing
  1494 | D:2      | Reached ** piety under Trog
  1633 | D:2      | Reached XP level 4. HP: 30/40 MP: 3/3
  1968 | D:3      | Noticed Robin
  1972 | D:3      | Killed Robin
  2042 | D:3      | Reached skill level 5 in Maces & Flails
  2042 | D:3      | Reached XP level 5. HP: 36/47 MP: 4/4
  2386 | D:3      | Reached *** piety under Trog
  2824 | D:4      | Reached XP level 6. HP: 17/53 MP: 5/5
  3290 | D:4      | Noticed Duvessa
  3290 | D:4      | Noticed Dowan
  3299 | D:4      | Killed Duvessa
  3299 | D:4      | Reached skill level 5 in Fighting
  3299 | D:4      | Reached skill level 6 in Maces & Flails
  3302 | D:4      | Killed Dowan
  3302 | D:4      | Received a gift from Trog
  3302 | D:4      | Reached XP level 7. HP: 61/61 MP: 6/6
  3339 | D:4      | Noticed Blork the orc
  3347 | D:4      | Killed Blork the orc
  3919 | D:5      | Entered Level 5 of the Dungeon
  3980 | D:5      | Found a staircase to the Ecumenical Temple.
  3985 | D:5      | Reached skill level 7 in Maces & Flails
  3999 | D:5      | Reached skill level 1 in Evocations
  4058 | D:5      | Reached skill level 5 in Armour
  4060 | D:5      | Reached XP level 8. HP: 54/70 MP: 7/7
  4117 | D:5      | Reached **** piety under Trog
  4484 | D:5      | HP: 2/70 [orc warrior/+0 short sword (9)]
  4488 | D:5      | Mangled by an orc warrior

Skill      XL: |  1  2  3  4  5  6  7 |
---------------+----------------------+-----
Maces & Flails | 4 5 6 7 |  7.6
Throwing       | 1 2 3 |  3.6
Armour         | 3 4 5 |  5.3
Fighting       | 4 5 |  5.9
Dodging        | 3 4 |  4.8
Evocations     | 1 |  1.7

Action                   |  1- 3 |  4- 6 |  7- 9 || total
-------------------------+-------+-------+-------++-------
Melee: Mace              |    71 |    49 |       ||   120
       Headbutt          |     8 |    25 |    19 ||    52
       Flail             |       |    85 |     5 ||    90
       Dire flail        |       |       |    65 ||    65
Invok: Berserk           |     2 |     5 |     5 ||    12
  Use: Potion            |       |     1 |     5 ||     6
  Eat: Chunk             |     4 |     9 |     5 ||    18
       Ration            |       |       |     1 ||     1
Armor: Animal skin       |     5 |       |       ||     5
       Scale mail        |    18 |    48 |    35 ||   101
       Skin              |       |       |     7 ||     7
Dodge: Dodged            |    39 |    68 |    49 ||   156
